 Dungeon Crawl Stone Soup version 0.29.1-4-g47bece8355 (webtiles) character file.

Game seed: 8839776634418327397

11 mester the Caller (level 2, 0/20 HPs)
             Began as a Meteoran Summoner on Dec 1, 2022.
             Slain by a quokka (4 damage)
             ... on level 1 of the Dungeon.
             The game lasted 00:02:28 (362 turns).

mester the Caller (Meteoran Summoner)                Turns: 362, Time: 00:02:28

Health: 0/20       AC:  2    Str:  9    XL:     2   Next: 58%
Magic:  7/7        EV: 12    Int: 16    God:
Gold:   0          SH:  0    Dex: 14    Spells: 6/7 levels left

rFire   . . .      SeeInvis .   (no weapon)
rCold   . . .      Faith    .   (no shield)
rNeg    . . .      Spirit   .   a - +0 robe
rPois   .          Reflect  .   (no helmet)
rElec   .          Harm     .   (no cloak)
rCorr   .          Rampage  .   (no gloves)
Will    .....                   (no boots)
Stlth   +.........              (no amulet)
HPRegen 0.06/turn               (no ring)
MPRegen 0.10/turn               (no ring)

@: glowing
A: sense surroundings 1, otherworldly, glowing, explore regen
a: no special abilities


You were on level 1 of the Dungeon.
You visited 1 branch of the dungeon, and saw 1 of its levels.

Inventory:

Armour
 a - a +0 robe (worn)
Potions
 b - a potion of magic


   Skills:
 + Level 2.5 Dodging
 + Level 1.5 Stealth
 + Level 3.0 Spellcasting
 + Level 5.1 Summonings


You had 6 spell levels left.
You knew the following spells:

 Your Spells              Type           Power      Damage    Failure   Level
a - Summon Small Mammal   Summ           72%        N/A       2%          1

Your spell library contained the following spells:

 Spells                   Type           Power      Damage    Failure   Level
 Call Imp                 Summ           18%        N/A       3%          2
 Call Canine Familiar     Summ           18%        N/A       7%          3
 Summon Guardian Golem    Hex/Summ       10%        N/A       19%         3
 Summon Lightning Spire   Summ/Air       10%        N/A       54%         4


Dungeon Overview and Level Annotations

Branches:
Dungeon (1/15) Zot: 237

Altars:


Innate Abilities, Weirdness & Mutations

You passively map a small area around you.
You are easily found by Zot.
You glow in the dark.
You regain HP and MP as you explore.


Message History

The quokka attacks as you move away! The quokka bites you.
* * * LOW HITPOINT WARNING * * *
Your bat hits the rat.
The rat dies!
The quokka attacks as you move away! The quokka barely misses you.
Your bat hits the quokka but does no damage.
Your bat closely misses the quokka.
The quokka attacks as you move away! The quokka bites you.
* * * LOW HITPOINT WARNING * * *
Your bat closely misses the quokka.
The quokka misses you.
Your bat barely misses the quokka.
Your bat completely misses the quokka.
You see here a +0 ring mail.
What are your orders? t - Shout!
Orders for allies: a - Attack new target. p - Attack previous target. r - Retreat! s - Stop attacking. g - Guard the area. f - Follow me.
Anything else - Cancel.
Gang up on whom?
Press: ? - help, Dir - move target, f/p - quokka
Aim: a quokka (ally target) Attack!
The quokka bites you.
* * * LOW HITPOINT WARNING * * *
Your bat hits the quokka.
Your bat closely misses the quokka. x2
Your bat misses the quokka.
Your bat hits the quokka but does no damage.
The quokka closely misses you.
Your bat barely misses the quokka.
What are your orders? t - Shout!
Orders for allies: a - Attack new target. p - Attack previous target. r - Retreat! s - Stop attacking. g - Guard the area. f - Follow me.
Anything else - Cancel.
Gang up on whom?
Press: ? - help, Dir - move target, f/p - quokka
Aim: a quokka (lightly wounded, ally target) Attack!
Your bat hits the quokka. The quokka bites you.
You die...

## .# .#############
.....†..r....#
.....#######r###
.......# ###...#####
.....#.#*#....br@..#
*
.........#.####.##.#
##.#######.**....#,#*
#... #,......#, *
###.# *####...#,* * ,
.# * ###.#, , .# * ,
.. , , , * **


You could see a quokka (ally target), a friendly quokka (summoned) and a
friendly bat (summoned).

Vanquished Creatures (collateral kills)
  A dart slug (D:1)
  A ball python (D:1)
  2 endoplasms (D:1)
  A hobgoblin (D:1)
  A kobold (D:1)
  3 rats (D:1)
9 creatures vanquished.

Notes
Turn   | Place    | Note
-------+----------+-------------------------------------------
     0 | D:1      | mester the Meteoran Summoner began the quest for the Orb.
     0 | D:1      | Reached XP level 1. HP: 14/14 MP: 5/5
   157 | D:1      | Reached skill level 5 in Summonings
   189 | D:1      | Reached XP level 2. HP: 7/20 MP: 4/6
   362 | D:1      | Slain by a quokka

Illustrated notes

Levels and vault maps discovered:
D:1:      spicycebolla_arrival_ecumenical, layout_basic

Skill      XL: |  1  2 |
---------------+-------+-----
Summonings     | 5 |  5.1
Spellcasting   | 3 |  3.0
Dodging        | |  2.5
Stealth        | |  1.5

Action                   || total
-------------------------++-------
Melee: Unarmed           ||     2
 Cast: Summon Small Mamm ||     9
Armor: Robe              ||     1
Dodge: Dodged            ||    18
